 Dungeon Sprint DCSS version 0.22.1-2-g9c5b331383 (webtiles) character file.

701 Nattfarinn the Covert (level 7, -7/60 HPs)
             Began as a Vampire Assassin on Nov 28, 2018.
             Was an Initiate of Dithmenos.
             Mangled by a red devil
             ... wielding a cursed -2 trident
             ... summoned by a kobold demonologist
              (11 damage)
             ... in the Dungeon (Sprint I: "Red Sonja").
             The game lasted 00:01:58 (2842 turns).

Nattfarinn the Covert (Vampire Assassin)            Turns: 2842, Time: 00:01:59

Health: -7/60      AC:  3    Str: 10      XL:     7   Next: 38%
Magic:  7/7        EV: 21    Int: 14      God:    Dithmenos [......]
Gold:   270        SH:  0    Dex: 16 (17) Spells: 6/6 levels left

rFire    . . .     SeeInvis +   a - +2 dagger
rCold    + + .     Gourm    .   (no shield)
rNeg     + + +     Faith    .   c - +0 robe
rPois    ∞         Spirit   .   (no helmet)
rElec    .         Reflect  .   d - +0 cloak
rCorr    .         Harm     .   (no gloves)
MR       .....     NoTele   +   (no boots)
Stlth    ++++++++..             (no amulet)
HPRegen  0.00/turn              (no ring)
MPRegen  0.10/turn              (no ring)

@: bloodless, non-regenerating
A: fangs 3, see invisible, unbreathing
a: Bat Form, Renounce Religion


You were in the Dungeon.
You worshipped Dithmenos.
Dithmenos was noncommittal.
You were bloodless.

You visited 1 branch You collected 270 gold pieces.

Inventory:

Hand Weapons
 a - a +2 dagger (weapon)
 b - a +0 blowgun
Missiles
 e - 8 poisoned needles
 f - 2 curare-tipped needles
Armour
 c - a +0 robe (worn)
 d - a +0 cloak (worn)
Wands
 g - a wand of random effects (27)
Scrolls
 m - a scroll of blinking
 n - a scroll of identify {unknown}
Potions
 h - a potion of curing
 i - 2 potions of heal wounds
 j - a potion of haste
 k - 2 potions of magic
 l - a potion of berserk rage
 q - 3 potions of blood


   Skills:
 + Level 7.0 Fighting
 - Level 2.1 Short Blades
 - Level 1.5 Throwing
 + Level 12.2 Dodging
 - Level 14.1 Stealth


You had 6 spell levels left.
You didn't know any spells.
Your spell library was empty.

Dungeon Overview and Level Annotations

Branches:
Dungeon (1/1)

Altars:
Cheibriados
Dithmenos
Elyvilon
Fedhas
Gozag
Hepliaklqana
Kikubaaqudgha
Makhleb
Nemelex Xobeh
Okawaru
Qazlal
Ru
Sif Muna
Trog
Uskayaw
Vehumet
Wu Jian
Xom
Yredelemnul
Zin
The Shining One
Jiyva
Lugonu

Shops:
D *


Innate Abilities, Weirdness & Mutations

You do not heal naturally.
You are immune to poison.
You have razor-sharp teeth.
You have supernaturally acute eyesight. (SInv)
You can survive without breathing.


Message History

The kobold demonologist is moderately wounded.
The red devil barely misses you. The quasit barely misses you.
The quasit misses you. The quasit completely misses you.
The red devil closely misses you.
You hit the kobold demonologist but do no damage.
The kobold demonologist is moderately wounded.
The kobold demonologist looks encouraged for a moment.
The quasit misses you. x2; The quasit completely misses you.
The shadow imp shouts, "Escape, thou vain sallow brigand!"
The red devil completely misses you.
You hit the kobold demonologist.
The kobold demonologist is moderately wounded.
The quasit bites you.
You feel clumsy. The quasit completely misses you.
The quasit closely misses you.
The neqoxec gestures.
The kobold demonologist casts a spell.
The red devil hits you from afar with a trident!!
* * * LOW HITPOINT WARNING * * *
The red devil hits you with an enchanted trident!
You die...

######################
.)'..#.)'..#__#3@KK3.#
..#.)'..#..'..'54#43.#
####'#####'#__####.55+
###..# #.#### #####
__#### ##[#≈§
_____##+#_.+≈§
_.∩...'..._#
_..__##_.#'#
_____###+#.#


You could see a sun demon, 2 kobold demonologists, a smoke demon, a neqoxec, 2
red devils, an iron imp, a quasit and a shadow imp.

Vanquished Creatures
  A slime creature (D)
  Sigmund (D)
  A yak (D)
  A floating eye (D)
  An ogre (D)
  Ijyb (D)
  A jelly (D)
7 creatures vanquished.

Vanquished Creatures (others)
  A merfolk siren (D)
  A gargoyle (D)
  4 hornets (D)
  A floating eye (D)
7 creatures vanquished.

Grand Total: 14 creatures vanquished

Notes
Turn   | Place    | Note
-------+----------+-------------------------------------------
     0 | D        | Nattfarinn the Vampire Assassin began the quest for the
                  | Orb.
     0 | D        | Reached XP level 1. HP: 16/16 MP: 1/1
  1098 | D        | Killed a hornet
  1100 | D        | Killed a hornet
  1115 | D        | Killed a hornet
  1146 | D        | Killed a hornet
  2672 | D        | Noticed Ijyb
  2678 | D        | Killed Ijyb
  2678 | D        | Reached skill level 8 in Stealth
  2678 | D        | Reached XP level 2. HP: 22/22 MP: 2/2
  2678 | D        | Killed a floating eye
  2681 | D        | Noticed an ogre
  2684 | D        | Killed an ogre
  2684 | D        | Reached skill level 11 in Stealth
  2684 | D        | Reached XP level 3. HP: 27/27 MP: 3/3
  2684 | D        | Reached XP level 4. HP: 33/33 MP: 4/4
  2686 | D        | Noticed Sigmund
  2689 | D        | Killed Sigmund
  2689 | D        | Reached skill level 14 in Stealth
  2689 | D        | Reached XP level 5. HP: 38/38 MP: 5/5
  2689 | D        | Reached XP level 6. HP: 44/44 MP: 6/6
  2708 | D        | Found a burning altar of Makhleb.
  2708 | D        | Found a viscous altar of Jiyva.
  2708 | D        | Found a shimmering altar of Xom.
  2708 | D        | Found a corrupted altar of Lugonu.
  2708 | D        | Noticed a slime creature
  2711 | D        | Killed a slime creature
  2713 | D        | Found an ornate altar of the Wu Jian Council.
  2713 | D        | Found a deep blue altar of Sif Muna.
  2715 | D        | Found a radiant altar of Vehumet.
  2719 | D        | Reached skill level 5 in Fighting
  2722 | D        | Found Qebyomeys's Assorted Antiques.
  2722 | D        | Found an ancient bone altar of Kikubaaqudgha.
  2722 | D        | Found a hazy altar of Hepliaklqana.
  2722 | D        | Found a stormy altar of Qazlal.
  2722 | D        | Found a hide-covered altar of Uskayaw.
  2722 | D        | Found a blossoming altar of Fedhas.
  2722 | D        | Found a bloodstained altar of Trog.
  2722 | D        | Found an iron altar of Okawaru.
  2722 | D        | Found a basalt altar of Yredelemnul.
  2722 | D        | Found a glowing golden altar of the Shining One.
  2722 | D        | Found a snail-covered altar of Cheibriados.
  2722 | D        | Found a sacrificial altar of Ru.
  2722 | D        | Found a glowing silver altar of Zin.
  2722 | D        | Found a shadowy altar of Dithmenos.
  2722 | D        | Found a white marble altar of Elyvilon.
  2722 | D        | Noticed a yak
  2723 | D        | Found an opulent altar of Gozag.
  2724 | D        | Killed a yak
  2724 | D        | Reached XP level 7. HP: 59/59 MP: 7/7
  2725 | D        | Found a sparkling altar of Nemelex Xobeh.
  2732 | D        | Became a worshipper of Dithmenos the Shadowed
  2736 | D        | Killed a gargoyle
  2740 | D        | Killed a merfolk siren
  2825 | D        | Noticed a kobold demonologist
  2826 | D        | Noticed a kobold demonologist
  2830 | D        | Noticed a neqoxec
  2833 | D        | Noticed a red devil
  2834 | D        | Noticed a red devil
  2837 | D        | Noticed a smoke demon
  2842 | D        | Mangled by a red devil

Skill      XL: |  1  2  3  4  5  6  7 |
---------------+----------------------+-----
Dodging        | 4 7 9 11 12 | 12.2
Stealth        | 8 11 14 | 14.1
Fighting       | 6 7 |  7.0
Short Blades   | |  2.1
Throwing       | |  1.5

Action                   |  1- 3 |  4- 6 |  7- 9 || total
-------------------------+-------+-------+-------++-------
Melee: Dagger            |     5 |     4 |    12 ||    21
       Bite              |       |       |     1 ||     1
 Stab: Sleeping          |     2 |     4 |     1 ||     7
Armor: Robe              |       |       |     2 ||     2
Dodge: Dodged            |     2 |       |    23 ||    25
